 Dungeon Crawl Stone Soup version 0.31-a0-187-gba352fbbf7 (webtiles) character file.

Game seed: 1293441355531635525

42 qw the Shooter (level 3, -1/20 HPs)
             Began as a Deep Elf Hunter on June 22, 2023.
             Slain by a goblin
             ... wielding a +0 club
             ... led by Robin
              (5 damage)
             ... on level 2 of the Dungeon.
             The game lasted 00:00:17 (842 turns).

qw the Shooter (Deep Elf Hunter)                     Turns: 842, Time: 00:00:17

Health: -1/20      AC:  5    Str: 10    XL:     3   Next: 33%
Magic:  5/5        EV: 16    Int: 13    God:
Gold:   80         SH:  0    Dex: 18    Spells: 2/2 levels left

rFire   . . .        Y - +1 shortbow
rCold   . . .        (shield currently unavailable)
rNeg    . . .        e - +0 ring mail
rPois   .            (no helmet)
rElec   .            (no cloak)
rCorr   .            (no gloves)
SInv    .            (no boots)
Will    .....        (no amulet)
Stlth   +            g - +5 ring of evasion
HPRegen 0.23/turn    (no ring)
MPRegen 0.09/turn

%: no passive effects
@: no status effects
A: no striking features
a: no special abilities


You were on level 2 of the Dungeon.
You visited 1 branch of the dungeon, and saw 2 of its levels.

You collected 80 gold pieces.


   Skills:
 - Level 1.5 Fighting
 + Level 6.9 Ranged Weapons
 - Level 2.4 Dodging
 - Level 1.2 Stealth


You had 2 spell levels left.
You didn't know any spells.
Your spell library was empty.

Inventory:

Hand Weapons
 Y - a +1 shortbow (weapon)
Armour
 e - a +0 ring mail (worn)
Jewellery
 g - a +5 ring of evasion (left hand)
Potions
 d - a potion of curing {unknown}

Dungeon Overview and Level Annotations

Branches:
Dungeon (2/15)

Altars:


Message History

You kill the goblin!
A goblin comes into view. It is wielding a +0 dagger.
You shoot an arrow. The arrow barely misses Robin.
Robin barely misses you.
You shoot an arrow. The arrow closely misses Robin.
The arrow closely misses the goblin.
Robin throws the goblin at you! The goblin barely misses you. x2
You shoot an arrow. The arrow hits Robin!
You kill Robin!
The goblin hits you with a +0 club.
You have reached level 3!
Your experience leads to an increase in your attributes!
Increase (S)trength, (I)ntelligence, or (D)exterity?
You feel stronger. x2
You shoot an arrow. The arrow barely misses the goblin.
The goblin barely misses you. x2
You shoot an arrow. The arrow closely misses the goblin. x2
The goblin barely misses you. x2
You shoot an arrow. The arrow hits the goblin!
You kill the goblin!
The goblin hits you with a +0 club.
You shoot an arrow. The arrow hits the goblin.
The goblin is moderately wounded.
The goblin no longer looks unusually strong.
The goblin completely misses you. The goblin hits you but does no damage.
The goblin closely misses you. The goblin hits you with a +0 club.
You shoot an arrow. The arrow closely misses the goblin. x2
The goblin hits you with a +0 dagger. The goblin barely misses you.
You shoot an arrow. The arrow barely misses the goblin.
The arrow hits the goblin.
You kill the goblin!
The goblin misses you. The goblin hits you with a +0 club.
You shoot an arrow. The arrow hits the goblin!
You kill the goblin!
The goblin hits you with a +0 club.
You shoot an arrow. The arrow completely misses the goblin.
The goblin no longer looks unusually strong.
The goblin closely misses you. The goblin misses you.
The goblin closely misses you. The goblin hits you with a +0 club.
You die...

###########
..........#
.##.#.###.# ##
.##.#.###.# #.#
.##....##.#######)#
.#........#....g@#
.#..#.......#####g#
..........### #)#
##....##.## .#
#.##.##.# .
#.##.##.# #.
#.......#### ..
####.#)....# ..
#####.#.....#


You could see 2 goblins.

Vanquished Creatures
  Robin (D:2)
  2 giant cockroaches (D:1)
  11 goblins
  2 kobolds
  3 quokkas (D:1)
  3 ball pythons (D:1)
  2 bats (D:1)
  A frilled lizard (D:1)
  4 rats (D:1)
29 creatures vanquished.

Notes
Turn   | Place    | Note
-------+----------+-------------------------------------------
     0 | D:1      | qw the Deep Elf Hunter began the quest for the Orb.
     0 | D:1      | Reached XP level 1. HP: 12/12 MP: 3/3
     0 | D:1      | 0 ||| qw: Version: 0.3-a-9-g12657ce
     0 | D:1      | 0 ||| qw: Game counter: 2034
     0 | D:1      | 0 ||| qw: Always use a shield: true
     0 | D:1      | 0 ||| qw: God list: Okawaru
     0 | D:1      | 0 ||| qw: Allow faded altars: false
     0 | D:1      | 0 ||| qw: Do Orc after D:15 true
     0 | D:1      | 0 ||| qw: Do second Lair branch before Depths: true
     0 | D:1      | 0 ||| qw: Lair rune preference: random
     0 | D:1      | 0 ||| qw: Plans: Normal
     0 | D:1      | 0 ||| PLANNING D:1-11
    38 | D:1      | 38 ||| FLEEEEING.
   131 | D:1      | Reached XP level 2. HP: 16/16 MP: 4/4
   132 | D:1      | Reached skill level 6 in Ranged Weapons
   725 | D:1      | 725 ||| UPGRADING to +0 ring mail.
   735 | D:1      | 735 ||| DROPPING +0 leather armour.
   736 | D:1      | 736 ||| UPGRADING to +5 ring of evasion.
   737 | D:1      | 737 ||| READING scroll labelled GIPHOBB IXKIN.
   738 | D:1      | 738 ||| DROPPING scroll of butterflies.
   826 | D:2      | Identified the -2 helmet of Lightning Storm {rC++}
   826 | D:2      | Noticed Robin
   834 | D:2      | Killed Robin
   835 | D:2      | Reached XP level 3. HP: 15/20 MP: 5/5
   841 | D:2      | HP: 4/20 [goblin/+0 club[Robin] (3)]
   842 | D:2      | Slain by a goblin

Levels and vault maps discovered:
D:1:      grunt_arrival_crossed_arrows, layout_basic, nicolae_figureground_pulse
D:2:      layout_loops_cross, grunt_decor_cap, nicolae_titane, uniq_robin

Skill      XL: |  1  2 |
---------------+-------+-----
Ranged Weapons | 6 |  6.9
Fighting       | |  1.5
Dodging        | |  2.4
Stealth        | |  1.2

Action                     || total
---------------------------++-------
   Fire: Shortbow          ||    64
    Use: Scroll            ||     1
 Armour: Leather armour    ||     6
         Ring mail         ||     1
  Dodge: Dodged            ||    17

Table legend:
 A = Non-vault XP
 B = Vault XP
 C = Vault XP percentage of total XP
 D = Non-vault monster count
 E = Vault monster count
 F = Vault count percentage of total count
                 A         B        C        D         E       F
            +---------+---------+-------+---------+---------+-------
      Total |      31 |      29 |  48.3 |      20 |       9 |  31.0
            +---------+---------+-------+---------+---------+-------
        D:1 |      29 |       0 |   0.0 |      18 |       0 |   0.0
        D:2 |       2 |      29 |  93.5 |       2 |       9 |  81.8
            +---------+---------+-------+---------+---------+-------
